| TOP OF THE 1ST |
|
Montgomery Rebels batting - Pitching for Savannah Indians : RHP Jose Guzman
|
|
Pitching: RHP Jose Guzman
|
|
|
Batting: SHB Arthur Fischetti
|
0-0: Called Strike 0-1: Foul Ball, location: 2F 0-2: Ball 1-2: Ground out 3-1 (Groundball, 34, EV 83.8 MPH)
|
|
Batting: LHB Dwayne Murphy
|
0-0: Called Strike 0-1: Ball 1-1: Fly out, F9 (Flyball, 89S, EV 83.8 MPH)
|
|
Batting: LHB Ray Crowley
|
0-0: Ground out 4-3 (Groundball, 4MD, EV 88.1 MPH)
|
| Top of the 1st over - 0 runs, 0 hits, 0 errors, 0 left on base; Montgomery 0 - Savannah 0 |
| BOTTOM OF THE 1ST |
|
Savannah Indians batting - Pitching for Montgomery Rebels : RHP Bobby Trinidad
|
|
Pitching: RHP Bobby Trinidad
|
|
|
Batting: RHB Angel Salazar
|
0-0: Ground out 6-3 (Groundball, 6M, EV 83.1 MPH)
|
|
Batting: RHB Eddie Vargas
|
0-0: Called Strike 0-1: Ball 1-1: Foul Ball, location: 2F 1-2: Ball 2-2: SINGLE (Flyball, 4D, EV 84.4 MPH)
|
|
Batting: RHB Jim Paciorek
|
0-0: Ball 1-0: Ball 2-0: Ball 3-0: Base on Balls Eddie Vargas to second
|
|
Batting: RHB Wade Rowdon
|
0-0: Ball 1-0: Foul Ball, location: 2F 1-1: Foul Ball, location: 2F 1-2: Ball 2-2: Ball 3-2: SINGLE (Groundball, 15S, EV 66.9 MPH) (infield hit) Eddie Vargas to third Jim Paciorek to second
|
|
Batting: RHB Ramiro Gutierrez
|
0-0: Ball 1-0: Swinging Strike 1-1: Foul Ball, location: 2F 1-2: Ball 2-2: GRAND SLAM HOME RUN (Flyball, 7LD, EV 91.9 MPH), Distance : 344 ft
|
|
Batting: LHB Roberto Hernandez
|
0-0: Ball 1-0: Foul Ball, location: 2F 1-1: Ball 2-1: Fly out, F8 (Flyball, 8LD, EV 103.1 MPH)
|
|
Batting: LHB Steve Sbragia
|
0-0: Ball 1-0: Fly out, F9 (Flyball, 9, EV 84.4 MPH)
|
| Bottom of the 1st over - 4 runs, 3 hits, 0 errors, 0 left on base; Montgomery 0 - Savannah 4 |
| TOP OF THE 2ND |
|
Montgomery Rebels batting - Pitching for Savannah Indians : RHP Jose Guzman
|
|
Batting: RHB Milt Jefferson
|
0-0: Ball 1-0: Called Strike 1-1: Foul Ball, location: 2F 1-2: Ball 2-2: Strikes out swinging
|
|
Batting: RHB Nate Tria
|
0-0: Ball 1-0: Ball 2-0: Ball 3-0: Base on Balls
|
|
Batting: RHB Roberto Palacios
|
0-0: Ball 1-0: Called Strike 1-1: Swinging Strike 1-2: Fly out, F9 (Flyball, 89D, EV 96.9 MPH)
|
|
Batting: RHB Jeff Schumaker
|
0-0: Called Strike 0-1: Swinging Strike 0-2: Foul Ball, location: 2F 0-2: Foul Ball, location: 2F 0-2: Ball 1-2: Strikes out swinging
|
| Top of the 2nd over - 0 runs, 0 hits, 0 errors, 1 left on base; Montgomery 0 - Savannah 4 |
| BOTTOM OF THE 2ND |
|
Savannah Indians batting - Pitching for Montgomery Rebels : RHP Bobby Trinidad
|
|
Batting: RHB Mario Diaz
|
0-0: Ball 1-0: Called Strike 1-1: SINGLE (Groundball, 4MD, EV 99.4 MPH)
|
|
Batting: RHB Dan Plante
|
0-0: Ball Mario Diaz steals 2nd base 1-0: Foul Ball, location: 2F 1-1: Ball 2-1: Foul Ball, location: 2F 2-2: Strikes out swinging
|
|
Batting: RHB Angel Salazar
|
0-0: Ball Mario Diaz is caught stealing 3rd base 2-5 1-0: Swinging Strike 1-1: Ball 2-1: SINGLE (Groundball, 56D, EV 107.5 MPH)
|
|
Batting: RHB Eddie Vargas
|
0-0: Swinging Strike 0-1: Swinging Strike 0-2: Ball 1-2: Foul Ball, location: 2F 1-2: SINGLE (Groundball, 25, EV 65.0 MPH) (infield hit) Angel Salazar to second
|
|
Batting: RHB Jim Paciorek
|
0-0: Called Strike 0-1: Ball 1-1: Fielders Choice at 2nd, 6-4 (Groundball, 6, EV 88.1 MPH)
|
| Bottom of the 2nd over - 0 runs, 3 hits, 0 errors, 2 left on base; Montgomery 0 - Savannah 4 |
| TOP OF THE 3RD |
|
Montgomery Rebels batting - Pitching for Savannah Indians : RHP Jose Guzman
|
|
Batting: SHB Mike Thorpe
|
0-0: Called Strike 0-1: Ball 1-1: Foul Ball, location: 2F 1-2: Ground out 4-3 (Groundball, 4, EV 81.9 MPH)
|
|
Batting: RHB Mike Colbern
|
0-0: Ball 1-0: Ball 2-0: Called Strike 2-1: Foul Ball, location: 2F 2-2: Strikes out looking
|
|
Batting: SHB Arthur Fischetti
|
0-0: Foul Ball, location: 2F 0-1: Called Strike 0-2: Ball 1-2: Foul Ball, location: 2F 1-2: Ball 2-2: Ball 3-2: Foul Ball, location: 2F 3-2: Ground out 5-3 (Groundball, 56S, EV 87.5 MPH)
|
| Top of the 3rd over - 0 runs, 0 hits, 0 errors, 0 left on base; Montgomery 0 - Savannah 4 |
| BOTTOM OF THE 3RD |
|
Savannah Indians batting - Pitching for Montgomery Rebels : RHP Bobby Trinidad
|
|
Batting: RHB Wade Rowdon
|
0-0: Ball 1-0: Foul Ball, location: 2F 1-1: Ball 2-1: Swinging Strike 2-2: Foul Ball, location: 2F 2-2: Ball 3-2: Fly out, F8 (Flyball, 8RM, EV 89.4 MPH)
|
|
Batting: RHB Ramiro Gutierrez
|
0-0: Ball 1-0: SINGLE (Groundball, 4D, EV 105.0 MPH)
|
|
Batting: LHB Roberto Hernandez
|
0-0: Ball 1-0: Called Strike 1-1: 2-RUN HOME RUN (Flyball, 89XD, EV 101.3 MPH), Distance : 419 ft
|
|
Pitching: LHP Tony Fossas
|
|
|
Batting: LHB Steve Sbragia
|
0-0: Ground out 4-3 (Groundball, 4, EV 88.1 MPH)
|
|
Batting: RHB Mario Diaz
|
0-0: Fly out, F8 (Flyball, 8RD, EV 80.0 MPH)
|
| Bottom of the 3rd over - 2 runs, 2 hits, 0 errors, 0 left on base; Montgomery 0 - Savannah 6 |
| TOP OF THE 4TH |
|
Montgomery Rebels batting - Pitching for Savannah Indians : RHP Jose Guzman
|
|
Batting: LHB Dwayne Murphy
|
0-0: Ball 1-0: Ball 2-0: Swinging Strike 2-1: SINGLE (Line Drive, 9S, EV 105.6 MPH)
|
|
Batting: LHB Ray Crowley
|
0-0: Ball Wild Pitch! Dwayne Murphy to second 1-0: Foul Ball, location: 2F 1-1: Ball 2-1: Called Strike 2-2: Fly out, F7 (Flyball, 78M, EV 86.3 MPH)
|
|
Batting: RHB Milt Jefferson
|
0-0: Ball 1-0: Foul Ball, location: 2F 1-1: Foul Ball, location: 2F 1-2: Strikes out swinging
|
|
Batting: RHB Nate Tria
|
0-0: Fly out, F3 (Line Drive, 3, EV 61.3 MPH)
|
| Top of the 4th over - 0 runs, 1 hit, 0 errors, 1 left on base; Montgomery 0 - Savannah 6 |
| BOTTOM OF THE 4TH |
|
Savannah Indians batting - Pitching for Montgomery Rebels : LHP Tony Fossas
|
|
Batting: RHB Dan Plante
|
0-0: Ball 1-0: Foul Ball, location: 2F 1-1: Ball 2-1: Swinging Strike 2-2: Foul Ball, location: 2F 2-2: Foul Ball, location: 2F 2-2: Ball 3-2: Base on Balls
|
|
Batting: RHB Angel Salazar
|
0-0: Called Strike 0-1: Ball 1-1: Ball 2-1: Called Strike 2-2: SINGLE (Line Drive, 3D, EV 99.4 MPH) Dan Plante to second
|
|
Batting: RHB Eddie Vargas
|
0-0: Ball 1-0: Called Strike 1-1: Foul Ball, location: 2F 1-2: Strikes out swinging
|
|
Batting: RHB Jim Paciorek
|
0-0: Ball 1-0: Called Strike 1-1: Ball Wild Pitch! Dan Plante to third Angel Salazar to second 2-1: Foul Ball, location: 2F 2-2: Ball 3-2: Fly out, F7 (Flyball, 78M, EV 90.0 MPH) Runner from 3rd tags up, OUT at HOME! 7-2
|
| Bottom of the 4th over - 0 runs, 1 hit, 0 errors, 1 left on base; Montgomery 0 - Savannah 6 |
| TOP OF THE 5TH |
|
Montgomery Rebels batting - Pitching for Savannah Indians : RHP Jose Guzman
|
|
Batting: RHB Roberto Palacios
|
0-0: Ball 1-0: Foul Ball, location: 2F 1-1: Swinging Strike 1-2: Foul Ball, location: 2F 1-2: Ball 2-2: Strikes out swinging
|
|
Batting: RHB Jeff Schumaker
|
0-0: Called Strike 0-1: Ball 1-1: Ball 2-1: Fly out, F8 (Flyball, 8LM, EV 78.8 MPH)
|
|
Batting: SHB Mike Thorpe
|
0-0: Ball 1-0: Ball 2-0: Ball 3-0: Base on Balls
|
|
Batting: RHB Mike Colbern
|
0-0: Ball 1-0: Called Strike 1-1: Foul Ball, location: 2F 1-2: Ground out 4-3 (Groundball, 4, EV 100.6 MPH)
|
| Top of the 5th over - 0 runs, 0 hits, 0 errors, 1 left on base; Montgomery 0 - Savannah 6 |
| BOTTOM OF THE 5TH |
|
Savannah Indians batting - Pitching for Montgomery Rebels : LHP Tony Fossas
|
|
Batting: RHB Wade Rowdon
|
0-0: Fly out, F8 (Line Drive, 8RD, EV 91.9 MPH)
|
|
Batting: RHB Ramiro Gutierrez
|
0-0: Ball 1-0: Ground out 6-3 (Groundball, 6, EV 105.0 MPH)
|
|
Batting: LHB Roberto Hernandez
|
0-0: Fly out, F7 (Flyball, 78M, EV 96.3 MPH)
|
| Bottom of the 5th over - 0 runs, 0 hits, 0 errors, 0 left on base; Montgomery 0 - Savannah 6 |
| TOP OF THE 6TH |
|
Montgomery Rebels batting - Pitching for Savannah Indians : RHP Jose Guzman
|
|
Batting: SHB Arthur Fischetti
|
0-0: Foul Ball, location: 2F 0-1: Called Strike 0-2: Ball 1-2: SINGLE (Groundball, 34D, EV 96.3 MPH)
|
|
Batting: LHB Dwayne Murphy
|
0-0: Called Strike 0-1: Foul Ball, location: 2F 0-2: Foul Ball, location: 2F 0-2: Ball 1-2: Ball 2-2: Ball 3-2: Base on Balls Arthur Fischetti to second
|
|
Batting: LHB Ray Crowley
|
0-0: Foul Ball, location: 2F 0-1: Foul Ball, location: 2F 0-2: Ball 1-2: Ball 2-2: Foul Ball, location: 2F 2-2: Foul Ball, location: 2F 2-2: Foul Ball, location: 2F 2-2: Ball 3-2: Ground out 4-3 (Groundball, 34, EV 109.4 MPH) Arthur Fischetti to third Dwayne Murphy to second
|
|
Batting: RHB Milt Jefferson
|
0-0: Ball 1-0: Called Strike 1-1: Foul Ball, location: 2F 1-2: Fly out, F8 (Flyball, 8LS, EV 87.5 MPH)
|
|
Batting: RHB Nate Tria
|
0-0: Ball 1-0: Swinging Strike 1-1: Ball 2-1: Foul Ball, location: 2F 2-2: Foul Ball, location: 2F 2-2: Foul Ball, location: 2F 2-2: 3-RUN HOME RUN (Flyball, 78XD, EV 94.4 MPH), Distance : 413 ft
|
|
Batting: RHB Roberto Palacios
|
0-0: Ground out 6-3 (Groundball, 56D, EV 104.4 MPH)
|
| Top of the 6th over - 3 runs, 2 hits, 0 errors, 0 left on base; Montgomery 3 - Savannah 6 |
| BOTTOM OF THE 6TH |
|
Savannah Indians batting - Pitching for Montgomery Rebels : LHP Tony Fossas
|
|
Batting: LHB Steve Sbragia
|
0-0: Ball 1-0: Ball 2-0: Ball 3-0: Called Strike 3-1: Foul Ball, location: 2F 3-2: Ground out 4-3 (Groundball, 4, EV 100.6 MPH)
|
|
Batting: RHB Mario Diaz
|
0-0: Ball 1-0: Fly out, F7 (Line Drive, 7, EV 100.6 MPH)
|
|
Batting: RHB Dan Plante
|
0-0: Foul Ball, location: 2F 0-1: Ball 1-1: Ball 2-1: Ground out 5-3 (Groundball, 56, EV 83.8 MPH)
|
| Bottom of the 6th over - 0 runs, 0 hits, 0 errors, 0 left on base; Montgomery 3 - Savannah 6 |
| TOP OF THE 7TH |
|
Montgomery Rebels batting - Pitching for Savannah Indians : RHP Jose Guzman
|
|
Batting: RHB Jeff Schumaker
|
0-0: Called Strike 0-1: Foul Ball, location: 2F 0-2: Strikes out swinging
|
|
Batting: SHB Mike Thorpe
|
0-0: Called Strike 0-1: Swinging Strike 0-2: Ball 1-2: Foul Ball, location: 2F 1-2: Strikes out swinging
|
|
Batting: RHB Mike Colbern
|
0-0: Ball 1-0: Foul Ball, location: 2F 1-1: Swinging Strike 1-2: Strikes out looking
|
| Top of the 7th over - 0 runs, 0 hits, 0 errors, 0 left on base; Montgomery 3 - Savannah 6 |
| BOTTOM OF THE 7TH |
|
Savannah Indians batting - Pitching for Montgomery Rebels : LHP Tony Fossas
|
|
Batting: RHB Angel Salazar
|
0-0: Ball 1-0: SINGLE (Line Drive, 7S, EV 107.5 MPH)
|
|
Batting: RHB Eddie Vargas
|
0-0: Ball 1-0: Ball 2-0: Ball 3-0: Base on Balls Angel Salazar to second
|
|
Batting: RHB Jim Paciorek
|
0-0: Called Strike 0-1: Fly out, F7 (Flyball, 7, EV 87.5 MPH)
|
|
Batting: RHB Wade Rowdon
|
0-0: Called Strike Angel Salazar steals 3rd base Eddie Vargas to second 0-1: Ball 1-1: Called Strike 1-2: Ball 2-2: Ball 3-2: Foul Ball, location: 2F 3-2: Fly out, F7 (Flyball, 7, EV 96.3 MPH) Runner from 3rd tags up, SCORES, no throw by LF
|
|
Batting: RHB Ramiro Gutierrez
|
0-0: Ball 1-0: Ball 2-0: Called Strike 2-1: Swinging Strike 2-2: SINGLE (Flyball, 3D, EV 93.8 MPH) Eddie Vargas to third Runner from 3rd tries for Home, SAFE, throw by RF to home Ramiro Gutierrez to second
|
|
Batting: LHB Roberto Hernandez
|
0-0: Ball 1-0: Fly out, F9 (Flyball, 89M, EV 83.8 MPH)
|
| Bottom of the 7th over - 2 runs, 2 hits, 0 errors, 1 left on base; Montgomery 3 - Savannah 8 |
| TOP OF THE 8TH |
|
Montgomery Rebels batting - Pitching for Savannah Indians : RHP Jose Guzman
|
|
Batting: SHB Arthur Fischetti
|
0-0: Foul Ball, location: 2F 0-1: Ball 1-1: Called Strike 1-2: Ball 2-2: Foul Ball, location: 2F 2-2: Ball 3-2: Ground out 3-1 (Groundball, 34, EV 103.1 MPH)
|
|
Pitching: RHP Jack G Hardy
|
|
|
Batting: LHB Dwayne Murphy
|
0-0: Ball 1-0: Foul Ball, location: 2F 1-1: Swinging Strike 1-2: Foul Ball, location: 2F 1-2: Ball 2-2: Ball 3-2: Base on Balls
|
|
Batting: LHB Ray Crowley
|
0-0: Ball 1-0: Called Strike 1-1: Ball 2-1: Ball 3-1: Foul Ball, location: 2F 3-2: Base on Balls Dwayne Murphy to second
|
|
Batting: RHB Milt Jefferson
|
0-0: Ball 1-0: Swinging Strike 1-1: Called Strike 1-2: Foul Ball, location: 2F 1-2: Ball 2-2: SINGLE (Groundball, 6MD, EV 101.3 MPH) Dwayne Murphy to third Ray Crowley to second Runner from 3rd tries for Home, SAFE, throw by CF to home
|
|
Batting: RHB Nate Tria
|
0-0: Called Strike 0-1: Ball 1-1: Ball 2-1: Ball 3-1: Base on Balls Ray Crowley to third Milt Jefferson to second
|
|
Batting: RHB Roberto Palacios
|
0-0: Foul Ball, location: 2F 0-1: Swinging Strike 0-2: Ball 1-2: Strikes out swinging
|
|
Batting: RHB Jeff Schumaker
|
0-0: Called Strike 0-1: Swinging Strike 0-2: Ball 1-2: Foul Ball, location: 2F 1-2: Foul Ball, location: 2F 1-2: Ball 2-2: Ball 3-2: Strikes out swinging
|
| Top of the 8th over - 1 run, 1 hit, 0 errors, 3 left on base; Montgomery 4 - Savannah 8 |
| BOTTOM OF THE 8TH |
|
Savannah Indians batting - Pitching for Montgomery Rebels : LHP Tony Fossas
|
|
Batting: LHB Steve Sbragia
|
0-0: Foul Ball, location: 2F 0-1: Fly out, F5 (Popup, 56S, EV 86.9 MPH)
|
|
Batting: RHB Mario Diaz
|
0-0: Ball 1-0: Swinging Strike 1-1: Swinging Strike 1-2: Foul Ball, location: 2F 1-2: Ball 2-2: Strikes out swinging
|
|
Batting: RHB Dan Plante
|
0-0: Ground out 5-3 (Groundball, 56, EV 107.5 MPH)
|
| Bottom of the 8th over - 0 runs, 0 hits, 0 errors, 0 left on base; Montgomery 4 - Savannah 8 |
| TOP OF THE 9TH |
|
Montgomery Rebels batting - Pitching for Savannah Indians : RHP Jack G Hardy
|
|
Batting: SHB Mike Thorpe
|
0-0: Ball 1-0: Ball 2-0: SINGLE (Line Drive, 8LS, EV 91.9 MPH)
|
|
Batting: RHB Mike Colbern
|
0-0: Foul Ball, location: 2F 0-1: Called Strike 0-2: Strikes out swinging
|
|
Batting: SHB Arthur Fischetti
|
0-0: Ball 1-0: Grounds out, U3 (Groundball, 3L, EV 86.3 MPH)
|
|
Batting: LHB Dwayne Murphy
|
0-0: Foul Ball, location: 2F 0-1: SINGLE (Groundball, 4MD, EV 102.5 MPH) Mike Thorpe to third
|
|
Batting: LHB Ray Crowley
|
0-0: Ball 1-0: Ball 2-0: Called Strike 2-1: DOUBLE (Line Drive, 9LM, EV 104.4 MPH) Mike Thorpe scores Dwayne Murphy to third
|
|
Pitching: RHP Joel Willett
|
|
|
Batting: RHB Milt Jefferson
|
0-0: Ball 1-0: Ball 2-0: Called Strike 2-1: Ground out 5-3 (Groundball, 56, EV 106.3 MPH)
|
| Top of the 9th over - 1 run, 3 hits, 0 errors, 2 left on base; Montgomery 5 - Savannah 8 |
|